 Dungeon Crawl Stone Soup version 0.30.1-3-gfc49f6343a (webtiles) character file.

Game seed: 480375279027704716

1311 cheesebisquit the Purveyor of Pain (level 8, -5/49 HPs)
             Began as a Deep Elf Necromancer on July 18, 2023.
             Was an Initiate of Kikubaaqudgha.
             Slain by an orc warrior
             ... wielding a +0 dire flail
              (13 damage)
             ... on level 7 of the Dungeon.
             The game lasted 00:18:08 (5884 turns).

cheesebisquit the Purveyor of Pain (DENe)           Turns: 5884, Time: 00:18:09

Health: -5/49      AC:  5    Str:  5    XL:     8   Next: 32%
Magic:  10/31      EV: 16    Int: 23    God:    Kikubaaqudgha [......]
Gold:   236        SH:  5    Dex: 15    Spells: 11/24 levels left

rFire   . . .        v - +1 trident (freeze)
rCold   . . .        (no shield)
rNeg    . . .        a - +0 robe
rPois   .            j - +2 helmet
rElec   .            (no cloak)
rCorr   .            (no gloves)
SInv    .            (no boots)
Will    .....        g - amulet of reflection
Stlth   ++++         s - ring of wizardry
HPRegen 0.28/turn    e - ring of magical power
MPRegen 0.22/turn

%: reflection, wizardry (x1)
@: animating dead
A: no striking features
a: Renounce Religion


You were on level 7 of the Dungeon.
You worshipped Kikubaaqudgha.
Kikubaaqudgha was noncommittal.
You visited 2 branches of the dungeon, and saw 8 of its levels.

You collected 296 gold pieces.
You spent 60 gold pieces at shops.

Inventory:

Hand Weapons
 p - the +0 war axe of Imminent Death {pain, rF- rC++ Str+8 Stlth+}
   (You found it on level 6 of the Dungeon)

   Str:       It affects your strength (+8).
   rF:        It makes you vulnerable to fire.
   rC:        It greatly protects you from cold.
   Stlth:     It makes you more stealthy.
 v - a +1 trident of freezing (weapon)
Missiles
 i - 13 poisoned darts
 u - 4 javelins
 H - 4 boomerangs
Armour
 a - a +0 robe (worn)
 j - a +2 helmet (worn)
 l - the +3 ring mail of the Prince of Darkness {Will+ Int+3}
   (You found it on level 6 of the Dungeon)

   Int:       It affects your intelligence (+3).
   Will:      It increases your willpower.
Jewellery
 e - a ring of magical power (right hand)
 g - an amulet of reflection (around neck)
 s - a ring of wizardry (left hand)
 t - a ring of poison resistance
 B - a ring of wizardry
 D - a ring of protection from cold
Wands
 r - a wand of mindburst (28)
 G - a wand of digging (7)
Scrolls
 c - a scroll of noise
 f - 2 scrolls of immolation
 h - a scroll of fog
 m - a scroll of silence {unknown}
 o - a scroll of magic mapping
 q - a scroll of poison {unknown}
 x - 3 scrolls of teleportation
 y - a scroll of fear
 E - a scroll of torment
 F - a scroll of amnesia {unknown}
Potions
 b - 2 potions of haste
 d - a potion of attraction
 k - 5 potions of curing
 n - 2 potions of lignification
 w - a potion of might {unknown}
 z - a potion of ambrosia {unknown}
 A - a potion of mutation {unknown}
 C - 2 potions of brilliance {unknown}


   Skills:
 + Level 5.2 Fighting
 + Level 8.1 Dodging
 + Level 8.7 Stealth
 + Level 8.9 Spellcasting
 + Level 9.0 Necromancy


You had 11 spell levels left.
You knew the following spells:

 Your Spells              Type           Power      Damage    Failure   Level
a - Necrotise             Necr           100%       1d9       1%          1
b - Animate Dead          Necr           51%        N/A       1%          4
c - Vampiric Draining     Necr           51%        2d9       1%          3
d - Agony                 Necr           51%        N/A       1%          5

Your spell library contained the following spells:

 Spells                   Type           Power      Damage    Failure   Level
 Lesser Beckoning         Tloc           20%        N/A       4%          2
 Gell's Gravitas          Tloc           10%        N/A       8%          3
 Inner Flame              Hex/Fire       10%        N/A       8%          3
 Teleport Other           Tloc           10%        N/A       8%          3
 Flame Wave               Conj/Fire      10%        2d6       26%         4
 Sticky Flame             Conj/Fire      10%        2d3       26%         4
 Chain Lightning          Conj/Air       5%         3d6       100%        9
 Fire Storm               Conj/Fire      5%         8d1       100%        9
 Shatter                  Erth           5%         3d8*      100%        9


Dungeon Overview and Level Annotations

Branches:
Dungeon (7/15)             Temple (1/1) D:7

Altars:
Cheibriados
Dithmenos
Elyvilon
Fedhas
Gozag
Hepliaklqana
Kikubaaqudgha
Makhleb
Okawaru
Qazlal
Trog
Uskayaw
Vehumet
Wu Jian
Yredelemnul
Zin
The Shining One

Shops:
D:1 !   D:3 =


Message History

You block the orc priest's attack.
The orc warrior shouts!
Aiming: Necrotise (safe; 1% risk of failure)
Press: ? - help, Q - select action, (/) - cycle Shift-Dir - straight line, f - orc priest
Aim: an orc priest, wielding a +0 whip and wearing a +0 scale mail (heavily wounded, chance to affect: 83%)
The orc priest writhes in agony!
You kill the orc priest!
Kikubaaqudgha accepts your kill.
The dead are walking!
You block the orc warrior's attack. The orc misses you.
Aiming: Necrotise (safe; 1% risk of failure)
Press: ? - help, Q - select action, (/) - cycle Shift-Dir - straight line, f - orc
Aim: an orc, wielding a +0 whip and wearing a +0 ring mail (ally target, chance to affect: 93%)
The orc writhes in agony.
You kill the orc!
Kikubaaqudgha accepts your kill.
The dead are walking!
The orc warrior hits you with a +0 dire flail.
* * * LOW HITPOINT WARNING * * *
The orc warrior hits your orc zombie with a +0 dire flail!
Your orc zombie is destroyed!
Aiming: Necrotise (safe; 1% risk of failure)
Press: ? - help, Q - select action, (/) - cycle Shift-Dir - straight line, f - orc warrior
Aim: an orc warrior, wielding a +0 dire flail and wearing a +0 plate armour (heavily wounded, ally target, chance to affect: 83%)
The orc warrior writhes in agony.
The orc warrior misses you.
Your orc zombie barely misses the orc warrior.
Aiming: Necrotise (safe; 1% risk of failure)
Press: ? - help, Q - select action, (/) - cycle Shift-Dir - straight line, f/p - orc warrior
Aim: an orc warrior, wielding a +0 dire flail and wearing a +0 plate armour (severely wounded, ally target, chance to affect: 83%)
The orc warrior barely resists.
The orc warrior closely misses you.
Your orc priest zombie hits the orc warrior but does no damage.
Aiming: Necrotise (safe; 1% risk of failure)
Press: ? - help, Q - select action, (/) - cycle Shift-Dir - straight line, f/p - orc warrior
Aim: an orc warrior, wielding a +0 dire flail and wearing a +0 plate armour (severely wounded, ally target, chance to affect: 83%)
The orc warrior writhes in agony.
Your orc zombie hits the orc warrior but does no damage.
The orc warrior hits you with a +0 dire flail!
You die...
Kikubaaqudgha rasps: "You have failed me!
Welcome... death!"

....#.#.##.......# #.#
......#.....#.##.#+######.#
#.#....##..#.............#
#.#.##.......##..........#
#......#.##...)...)...>..#
#.##...#....##...........#
#.......................##
#.....####.####.........#
#.##### #.@###.........# #.
##.o...........# #
##ZZ.$..#....$..
#))....######## ...[...#
........# ........##
............# ............#


You could see an orc warrior (ally target), a friendly orc zombie and a friendly
orc priest zombie.

Vanquished Creatures
  A black bear (D:5)
  An ogre (D:5)
  A gnoll sergeant (D:5)
  2 scorpions
  A howler monkey (D:6)
  3 orc priests
  3 hounds
  3 gnoll boudas
  2 orc wizards
  15 gnolls
  6 adders
  A white imp (D:5)
  A worm (D:2)
  2 dart slugs
  16 orcs
  5 ball pythons
  6 bats
  6 endoplasms
  3 giant cockroaches
  5 hobgoblins
  4 jackals (D:2)
  A quokka (D:1)
  2 frilled lizards
  8 kobolds
  3 rats
101 creatures vanquished.

Vanquished Creatures (collateral kills)
  An ogre (D:6)
  2 gnolls (D:5)
  An adder (D:4)
  A shadow imp (D:5)
  A worm (D:3)
6 creatures vanquished.

Vanquished Creatures (others)
  A black bear zombie (D:5)
  4 gnoll zombies (D:5)
  6 orc zombies
11 creatures vanquished.

Grand Total: 118 creatures vanquished

Notes
Turn   | Place    | Note
-------+----------+-------------------------------------------
     0 | D:1      | cheesebisquit the Deep Elf Necromancer began the quest for
                  | the Orb.
     0 | D:1      | Reached XP level 1. HP: 10/10 MP: 6/6
    66 | D:1      | Found Gimiw's Distillery.
   223 | D:1      | Reached XP level 2. HP: 16/16 MP: 6/8
   320 | D:1      | Found a faded altar of an unknown god.
   571 | D:1      | Reached skill level 5 in Necromancy
   650 | D:1      | Bought a potion of curing for 30 gold pieces
   650 | D:1      | Bought a potion of curing for 30 gold pieces
   987 | D:2      | Reached XP level 3. HP: 11/20 MP: 1/9
  1357 | D:2      | You fall into a shaft and drop 1 floor!
  1401 | D:3      | Found a burning altar of Makhleb.
  1425 | D:3      | Noticed a scorpion
  1436 | D:3      | Killed a scorpion
  1437 | D:3      | Reached skill level 1 in Fighting
  1437 | D:3      | Reached XP level 4. HP: 13/25 MP: 5/11
  1506 | D:3      | Found an iron altar of Okawaru.
  1527 | D:3      | Found a basalt altar of Yredelemnul.
  1636 | D:3      | Learned a level 4 spell: Animate Dead
  1640 | D:3      | Learned a level 3 spell: Vampiric Draining
  1825 | D:3      | Found Ymmul's One-of-a-Kind Rings.
  1844 | D:3      | Reached XP level 5. HP: 29/29 MP: 9/13
  2552 | D:4      | Reached skill level 8 in Necromancy
  2552 | D:4      | Reached XP level 6. HP: 39/39 MP: 14/19
  2580 | D:5      | Entered Level 5 of the Dungeon
  2884 | D:5      | Reached XP level 7. HP: 39/44 MP: 18/20
  3167 | D:4      | Found a glowing golden altar of the Shining One.
  3478 | D:4      | Learned a level 5 spell: Agony
  4191 | D:6      | Identified the +3 ring mail of the Prince of Darkness
                  | {Will+ Int+3}
  4299 | D:6      | Identified the +0 war axe of Imminent Death {pain, rF- rC++
                  | Str+8 Stlth+}
  4425 | D:6      | Found a stormy altar of Qazlal.
  4427 | D:6      | Noticed a water elemental
  4428 | D:6      | Noticed a fire elemental
  4428 | D:6      | Noticed an air elemental
  4435 | D:6      | Reached skill level 5 in Fighting
  4585 | D:7      | Noticed a wyvern
  4717 | D:5      | Reached XP level 8. HP: 16/49 MP: 14/22
  4931 | D:5      | Reached skill level 9 in Necromancy
  5430 | D:7      | Found a staircase to the Ecumenical Temple.
  5445 | Temple   | Entered the Ecumenical Temple
  5814 | Temple   | Became a worshipper of Kikubaaqudgha
  5884 | D:7      | Slain by an orc warrior

Illustrated notes

Levels and vault maps discovered:
D:1:      dpeg_arrival_boxes_within_box, layout_rooms, basic_ecumenical_altar,
          serial_shops, nicolae_shop_getting_attention
D:2:      layout_basic
D:3:      layout_rooms, bloody_makhleb, okawaru_gym_becter,
          mainiacjoe_overflow_alcove_2, nicolae_shop_unique_rings
D:4:      layout_basic, mainiacjoe_overflow_brackets, kennysheep_generic_room_10
D:5:      minmay_evil_eye, layout_basic
D:6:      nicolae_cairo_tiling_large, layout_rooms,
          nicolae_qazlal_style_of_elements
D:7:      layout_basic, nicolae_overflow_hidden_temple,
          minmay_temple_entry_ruins
Temple:   minmay_temple_forest_path

Skill      XL: |  1  2  3  4  5  6  7  8 |
---------------+-------------------------+-----
Necromancy     | 5 8 9 |  9.0
Stealth        | 3 8 |  8.7
Fighting       | 1 4 5 |  5.2
Dodging        | 3 7 8 |  8.1
Spellcasting   | 4 8 |  8.9

Action                     |  1- 3 |  4- 6 |  7- 9 || total
---------------------------+-------+-------+-------++-------
  Melee: Unarmed           |       |     6 |       ||     6
         Trident           |       |       |    12 ||    12
  Throw: Dart              |       |       |     1 ||     1
   Cast: Necrotise         |    68 |    83 |   147 ||   298
         Animate Dead      |       |     2 |     6 ||     8
    Use: Potion            |       |     2 |     1 ||     3
         Scroll            |       |     7 |     8 ||    15
   Stab: Distracted        |       |       |     1 ||     1
         Sleeping          |       |       |     1 ||     1
 Armour: Robe              |       |     7 |    10 ||    17
  Dodge: Dodged            |     7 |    16 |    60 ||    83
  Block: Other             |       |    13 |    24 ||    37
         Reflection        |       |     1 |       ||     1
